 Dungeon Crawl Stone Soup version 0.28.0-43-g3370ac3207 (webtiles) character file.

Game seed: 15416000264133621999

119 zeratav the Sneak (level 4, -8/21 HPs)
             Began as a Spriggan Enchanter on Mar 31, 2022.
             Killed by an exploding gnoll (29 damage)
             ... ignited by their inner flame
             ... on level 3 of the Dungeon on Apr 1, 2022.
             The game lasted 00:09:02 (2785 turns).

zeratav the Sneak (Spriggan Enchanter)              Turns: 2785, Time: 00:09:03

Health: -8/21      AC:  2    Str:  4    XL:     4   Next: 73%
Magic:  10/10      EV: 17    Int: 18    God:
Gold:   52         SH:  0    Dex: 15    Spells: 5/10 levels left

rFire   . . .      SeeInvis +   a - +1 dagger
rCold   . . .      Faith    .   (no shield)
rNeg    . . .      Spirit   .   b - +0 robe
rPois   .          Reflect  .   (helmet restricted)
rElec   .          Harm     .   (no cloak)
rCorr   .          Rampage  .   (gloves unavailable)
Will    .....                   (boots unavailable)
Stlth   +++.......              (no amulet)
HPRegen 0.07/turn               (no ring)
MPRegen 0.12/turn               (no ring)

@: very quick
A: very small, no large weapons, unfitting armour, see invisible, speed 3
a: no special abilities


You were on level 3 of the Dungeon.
You visited 1 branch of the dungeon, and saw 3 of its levels.

You collected 52 gold pieces.

Inventory:

Hand Weapons
 a - a +1 dagger (weapon)
Missiles
 d - 9 poisoned darts (quivered)
 g - 44 stones
Armour
 b - a +0 robe (worn)
Scrolls
 e - 2 scrolls of holy word
 f - 2 scrolls of identify
 j - 2 scrolls of noise {unknown}
Potions
 c - a potion of invisibility
 h - a potion of lignification {unknown}


   Skills:
 + Level 1.6 Short Blades
 + Level 2.8 Dodging
 + Level 6.4 Stealth
 + Level 3.6 Spellcasting
 + Level 4.2 Hexes
 * Level 1.1 Ice Magic


You had 5 spell levels left.
You knew the following spells:

 Your Spells              Type           Power      Damage    Failure   Level
a - Ensorcelled Hibernat  Hex/Ice        24%        N/A       8%          2
b - Confusing Touch       Hex            18%        N/A       8%          3

Your spell library contained the following spells:

 Spells                   Type           Power      Damage    Failure   Level
 Tukima's Dance           Hex            18%        N/A       8%          3
 Magic Dart               Conj           12%        1d3       16%         1
 Pain                     Necr           12%        1d4       16%         1
 Dazzling Flash           Conj/Hex       20%        N/A       19%         3
 Searing Ray              Conj           6%         2d4       24%         2
 Gell's Gravitas          Tloc           3%         N/A       43%         3
 Lesser Beckoning         Tloc           3%         N/A       43%         3
 Teleport Other           Tloc           3%         N/A       43%         3
 Fulminant Prism          Conj/Hex       5%         3d7       54%         4
 Agony                    Necr           3%         N/A       99%         5
 Excruciating Wounds      Necr           1%         N/A       99%         5


Dungeon Overview and Level Annotations

Branches:
Dungeon (3/15)

Altars:

Shops:
D:1 ?


Innate Abilities, Weirdness & Mutations

You are very small and have problems with some larger weapons.
You are too small for most types of armour.
You have supernaturally acute eyesight. (SInv)
You cover ground extremely quickly. (Speed+++)


Message History

You climb downwards.
Found 2 scrolls labelled SIMEVVEIRR.
Found a stone staircase leading up and a stone staircase leading down.
There is a stone staircase leading up here.
An adder is nearby!
There is a stone staircase leading up here.
The helpless adder fails to defend itself.
You impale the adder!!
You kill the adder! 3 gnolls come into view.
A ball python comes into view.
You see here 2 scrolls labelled SIMEVVEIRR.
You see here 2 scrolls labelled SIMEVVEIRR.
j - 2 scrolls labelled SIMEVVEIRR A bat comes into view.
You open the door.
A gnoll comes into view. It is wielding a +0 flail.
Found a leather armour.
The gnoll shouts! x3
Something unseen opens the door.
You hear a shout! x2
There is an open door here.
An orc comes into view. It is wielding a +0 short sword.
You hear a shout!
Really read the scroll of immolation?
As you read the scroll of immolation, it crumbles to dust.
The creatures around you are filled with an inner flame!
The gnoll shouts!
The gnoll closely misses you. x2
The gnoll misses you. The gnoll closely misses you.
There is an open door here.
You hit the gnoll.
Flame seeps out of the gnoll.
The gnoll is moderately wounded.
The gnoll closely misses you. The gnoll barely misses you.
The gnoll is engulfed in blazing flames.
The gnoll explodes!
The fiery explosion engulfs the gnoll!!
The fiery explosion engulfs the gnoll!
The fiery explosion engulfs you!!
Ouch! That really hurt!
You die...

#.#.#.# #.....# ###
# ###...... ..#.#
#.......# ##.#.#
+.......# ....#
#..g....####.#.#
#..§§....#<..#
###[.§○#....<..#..#
.'.o..§.@....†....>#
.######.#.........##
#.#......####
..........#.##
#####.#####.# ....
..# .....# ..#
...... .# .S..


You could see a gnoll (inner flame) and an orc (inner flame).

Vanquished Creatures
  A jelly (D:2)
  Crazy Yiuf (D:2)
  2 adders
  3 gnolls (D:3)
  A dart slug (D:1)
  4 ball pythons
  3 bats
  2 endoplasms (D:1)
  5 goblins
  4 hobgoblins
  5 jackals (D:1)
  2 quokkas
  3 frilled lizards (D:2)
  2 kobolds
  5 rats (D:1)
43 creatures vanquished.

Vanquished Creatures (others)
  2 fungi (D:1)
  A plant (D:1)
3 creatures vanquished.

Grand Total: 46 creatures vanquished

Notes
Turn   | Place    | Note
-------+----------+-------------------------------------------
     0 | D:1      | zeratav the Spriggan Enchanter began the quest for the Orb.
     0 | D:1      | Reached XP level 1. HP: 9/9 MP: 5/5
   336 | D:1      | Reached XP level 2. HP: 8/13 MP: 6/6
   407 | D:1      | Learned a level 2 spell: Ensorcelled Hibernation
   767 | D:1      | Found Utunt's Magic Scroll Shop.
   819 | D:1      | Found a faded altar of an unknown god.
  1377 | D:1      | Reached skill level 5 in Stealth
  1543 | D:1      | Reached XP level 3. HP: 16/16 MP: 5/8
  2096 | D:2      | Learned a level 3 spell: Confusing Touch
  2369 | D:2      | Found a runed translucent door.
  2370 | D:2      | Noticed Crazy Yiuf
  2377 | D:2      | Killed Crazy Yiuf
  2378 | D:2      | Reached XP level 4. HP: 21/21 MP: 7/10
  2740 | D:2      | Reached skill level 6 in Stealth
  2740 | D:2      | Reached skill level 1 in Ice Magic
  2785 | D:3      | Killed by an exploding gnoll... ignited by their inner
                  | flame

Illustrated notes

Levels and vault maps discovered:
D:1:      dpeg_arrival_three_smaller_balls, layout_basic,
          dreamdust_ecumenical_altar_grove, serial_shops,
          nicolae_shop_hallway_stairs
D:2:      layout_loops_cross, uniq_crazy_yiuf_cottage
D:3:      layout_basic, nicolae_sif_muna_condensation, minmay_misc_feat_encased,
          minmay_circle_x

Skill      XL: |  1  2  3  4 |
---------------+-------------+-----
Hexes          | 4 |  4.2
Spellcasting   | 3 |  3.6
Stealth        | 5 6 |  6.4
Ice Magic      | 1 |  1.1
Short Blades   | |  1.6
Dodging        | |  2.8

Action                   |  1- 3 |  4- 6 || total
-------------------------+-------+-------++-------
Melee: Dagger            |   113 |     6 ||   119
       Punch             |     1 |       ||     1
 Cast: Ensorcelled Hiber |    33 |     1 ||    34
  Use: Scroll            |     3 |     1 ||     4
 Stab: Sleeping          |    27 |     5 ||    32
Armor: Robe              |    15 |       ||    15
Dodge: Dodged            |   100 |     6 ||   106
